Map: Imperio eterno EE

Players

Chechini

  • Race: Protoss Protoss
  • Spawn Location: 7:00

MrFercho - Winner!

  • Race: Zerg Zerg
  • League: Silver
  • Spawn Location: 1:00

VOD

Have the link to the VOD?

Description

Time

  • Played on: June 20, 2020, 10:31 p.m.
  • Length: 13:59
Show
View Real Time Build Order
Export as new Build Order

Chechini Protoss 

Build Orders:  

Get SALT Encoding   

  12  0:02  Probe  
  14  0:14  Probe  
  14  0:18  Pylon  
  14  0:26  Probe  
  15  0:36  Probe  
  15  0:37  Gateway  
  16  0:44  Probe  
  17  0:53  Assimilator, Probe  
  18  1:02  Probe  
  18  1:10  Probe  
  20  1:20  Probe  
  20  1:25  Cybernetics Core  
  21  1:32  Probe  
  22  1:52  Pylon  
  22  1:55  Nexus  
  22  2:00  Probe  
  23  2:03  Warp Gate  
  23  2:04  Zealot  
  25  2:16  Probe  
  25  2:21  Assimilator  
  26  2:27  Zealot  
  26  2:29  Probe  
  27  2:33  Assimilator  
  29  2:37  Assimilator  
  29  2:41  Probe  
  30  2:53  Probe  
  31  3:01  Pylon  
  31  3:02  Sentry  
  31  3:07  Probe  
  34  3:19  Probe  
  35  3:20  Probe  
  35  3:23  Zealot  
  36  3:28  Probe  
  36  3:30  Pylon  
  39  3:44  Pylon  
  39  3:50  Zealot  
  39  3:53  Probe  
  42  4:05  Probe  
  42  4:07  Gateway  
  42  4:09  Forge  
  43  4:16  Probe  
  44  4:17  Stalker  
  44  4:20  Probe  
  47  4:28  Probe  
  47  4:29  Probe  
  49  4:46  Photon Cannon  
  49  4:47  Stalker  
  49  4:48  Photon Cannon  
  49  4:52  Probe  
  52  4:58  Photon Cannon  
  52  5:04  Probe  
  53  5:16  Probe  
  53  5:17  Stalker, Forge  
  53  5:18  Protoss Ground Weapons Level 1  
  56  5:24  Robotics Facility  
  56  5:28  Probe  
  57  5:33  Robotics Facility  
  57  5:42  Nexus  
  57  5:45  Stalker  
  57  5:47  Stalker  
  61  6:02  Probe  
  61  6:10  Protoss Air Weapons Level 1, Probe  
  62  6:13  Protoss Ground Armor Level 1  
  63  6:28  Twilight Council  
  63  6:30  Robotics Bay  
  63  6:38  Photon Cannon  
  63  6:42  Photon Cannon, Probe  
  64  6:50  Probe  
  64  6:51  Immortal  
  64  6:53  Immortal  
  64  6:58  Pylon  
  64  6:59  Probe  
  74  7:12  Charge  
  74  7:13  Probe  
  74  7:21  Probe  
  75  7:28  Stalker  
  75  7:29  Stalker  
  80  7:31  Probe, Warp Prism  
  83  7:40  Stargate  
  83  7:41  Stargate  
  83  7:43  Probe  
  84  7:45  Stargate  
  84  7:55  Probe  
  84  8:03  Probe  
  85  8:12  Probe  
  87  8:24  Probe  
  87  8:26  Observer  
  89  8:28  Observer  
  89  8:32  Pylon  
  90  8:37  Pylon  
  90  8:39  Protoss Ground Armor Level 2  
  90  8:41  Protoss Ground Weapons Level 2  
  90  8:46  Pylon  
  90  8:50  Protoss Air Armor Level 1  
  90  8:51  Pylon  
  90  8:53  Blink  
  90  9:10  Probe  
  91  9:22  Probe  
  91  9:23  Gravitic Boosters  
  92  9:33  Gateway  
  92  9:35  Gateway  
  91  9:39  Gateway  
  90  9:50  Void Ray  
  90  9:51  Void Ray  
  98  9:57  Fleet Beacon  
  98  10:02  Templar Archives  
  98  10:08  Assimilator  
  98  10:26  Dark Shrine  
  98  10:32  Gravitic Drive  
  98  10:37  Observer  
  99  10:45  Tempest  
  104  10:54  Resonating Glaives  
  104  10:58  Observer  
  97  11:39  Stalker  
  83  11:40  Zealot  
  83  11:41  Zealot x2  
  83  11:42  Zealot  
  55  11:56  Colossus  
  55  11:58  Colossus  
  31  12:41  High Templar  
  33  12:56  High Templar  
  33  12:57  High Templar  
  31  13:17  High Templar  
  31  13:18  High Templar  
Show
View Real Time Build Order
Export as new Build Order

MrFercho Zerg - Winner!

Build Orders: Hatch First, Roach Hydra 

Get SALT Encoding   

  12  0:20  Overlord  
  12  0:21  Drone  
  13  0:22  Drone  
  14  0:42  Drone  
  15  0:53  Drone  
  15  0:55  Drone  
  17  0:59  Hatchery  
  16  1:14  Spawning Pool  
  16  1:15  Drone  
  16  1:20  Drone  
  17  1:26  Drone  
  18  1:36  Drone  
  19  1:40  Extractor  
  19  1:47  Drone  
  19  1:59  Drone  
  20  2:08  Drone  
  20  2:10  Queen  
  20  2:11  Queen  
  20  2:13  Overlord  
  25  2:19  Drone  
  25  2:21  Drone  
  27  2:29  Drone  
  28  2:33  Drone  
  29  2:40  Drone  
  29  2:43  Drone  
  31  3:01  Drone x2  
  31  3:04  Lair  
  33  3:23  Drone x3  
  33  3:24  Overlord  
  33  3:25  Overlord  
  36  3:32  Extractor  
  35  3:36  Extractor, Drone x2  
  35  3:39  Roach Warren  
  35  3:43  Drone x5  
  35  3:45  Evolution Chamber  
  35  3:47  Drone x2  
  41  3:55  Drone  
  42  4:03  Drone  
  42  4:05  Drone  
  42  4:09  Drone  
  45  4:23  Glial Reconstitution, Zerg Missile Weapons Level 1  
  45  4:30  Drone  
  45  4:31  Drone x2  
  48  4:36  Hydralisk Den, Drone  
  48  4:44  Drone x2  
  50  4:57  Overlord  
  50  4:58  Overlord x3  
  50  4:59  Overlord x2  
  50  5:04  Extractor x2, Hatchery  
  50  5:06  Grooved Spines  
  47  5:09  Extractor, Roach  
  47  5:10  Roach  
  50  5:18  Drone x2  
  52  5:30  Drone x3  
  52  5:31  Hatchery  
  52  5:32  Drone x4  
  58  5:45  Roach  
  58  5:46  Roach  
  62  5:54  Roach x3  
  68  6:02  Drone x5  
  73  6:17  Muscular Augments  
  73  6:18  Spine Crawler  
  72  6:22  Spine Crawler  
  72  6:23  Spore Crawler  
  72  6:25  Spore Crawler  
  69  6:34  Spore Crawler  
  69  6:36  Spore Crawler  
  69  6:38  Spine Crawler, Drone x10  
  76  6:40  Spine Crawler  
  75  6:48  Zerg Missile Weapons Level 2  
  75  6:54  Roach  
  75  6:55  Roach x3  
  75  7:01  Drone x3  
  86  7:03  Queen  
  88  7:11  Drone x2  
  88  7:12  Drone  
  91  7:21  Queen  
  91  7:22  Drone x3  
  96  7:43  Evolution Chamber  
  95  7:44  Hatchery  
  95  7:46  Infestation Pit  
  93  7:53  Hatchery  
  93  7:54  Drone  
  93  7:55  Drone x11  
  104  8:13  Overlord x6  
  104  8:14  Overlord x6  
  104  8:40  Spore Crawler  
  103  8:43  Extractor  
  103  8:47  Spine Crawler  
  103  8:48  Extractor, Spine Crawler  
  99  8:56  Drone  
  99  9:00  Drone x11  
  99  9:02  Drone x2  
  113  9:09  Drone  
  114  9:22  Hydralisk x10  
  114  9:23  Hydralisk x11  
  156  9:30  Zerg Ground Armor Level 1  
  156  9:32  Hive  
  156  9:43  Hydralisk  
  156  9:44  Hydralisk x9  
  176  10:22  Hydralisk x12  
  200  10:37  Spore Crawler  
  200  10:40  Spine Crawler  
  198  10:43  Spine Crawler, Hydralisk  
  185  11:29  Zerg Ground Armor Level 2  
  185  11:31  Hydralisk  
  185  11:32  Hydralisk x10  
  195  11:35  Hydralisk x2  
  185  11:52  Hydralisk x7  
  193  12:45  Hatchery  
  193  12:46  Hydralisk x4  
  193  12:48  Unknown  
  199  12:54  Extractor, Hatchery  
  199  12:57  Extractor  
  196  13:24  Drone x2  
  196  13:25  Drone x2  
Tags
 
Composition
Roach Hydra
League
Silver
Matchup
PvZ
Replay Pack
MrFercho
Spawn Locations
Cross Positions
Add a new tag
Caveats
  • Supply blocks, unpowered buildings, or Contaminate may cause inaccurate times.
  • Supply counts are checked every 10 seconds.